 Dungeon Crawl Stone Soup version 0.24-a0-201-gf205589 (webtiles) character file.

Game seed: 13594449824868822216

61377 Lanoc the Dancer (level 14, -3/110 HPs)
             Began as a Demonspawn Gladiator on Mar 19, 2019.
             Was a High Priest of Uskayaw.
             Killed from afar by a storm dragon (glowing shapeshifter) (27 damage)
             ... with a bolt of lightning
             ... on level 15 of the Dungeon.
             The game lasted 00:30:47 (12316 turns).

Lanoc the Dancer (Demonspawn Gladiator)            Turns: 12316, Time: 00:30:48

Health: -3/110     AC: 18    Str: 21    XL:     14   Next: 60%
Magic:  25/25      EV: 19    Int: 11    God:    Uskayaw [*****.]
Gold:   1131       SH:  0    Dex: 22    Spells: 13/13 levels left

rFire    . . .     SeeInvis +   q - +3 war axe of Objectivity {chop, +Rage Int+2}
rCold    . . .     Gourm    .   (no shield)
rNeg     . . .     Faith    .   m - +0 swamp dragon scales
rPois    +         Spirit   .   c - +0 helmet
rElec    .         Reflect  .   G - +0 cloak {rPois}
rCorr    .         Harm     .   (no gloves)
MR       +....                  (no boots)
Stlth    +.........             e - amulet of rage
HPRegen  0.28/turn              g - ring of Reeddy {AC+3 Dex+3 Slay+3}
MPRegen  0.19/turn              w - ring of see invisible

@: mighty, about to teleport
A: hooves 1, slimy green scales 2, powered by pain 3, spiny 2
a: Stomp, Line Pass, Grand Finale, Renounce Religion, Evoke Berserk Rage


You were on level 15 of the Dungeon.
You worshipped Uskayaw.
Uskayaw was pleased with you.
You were hungry.

You visited 2 branches of the dungeon, and saw 16 of its levels.

You collected 1131 gold pieces.

Inventory:

Hand Weapons
 q - the +3 war axe of Objectivity (weapon) {chop, +Rage Int+2}
   (You found it on level 7 of the Dungeon)

   It inflicts extra damage upon your enemies.
   It affects your intelligence (+2).
   It lets you go berserk.
 r - a +2 vampiric hand axe
 C - the +4 hand axe of the Fool {flame, rElec Dex+3}
   (You found it on level 7 of the Dungeon)

   It has been specially enchanted to burn those struck by it, causing extra
   injury to most foes and up to half again as much damage against particularly
   susceptible opponents.
   Big, fiery blades are also staple armaments of hydra-hunters.
   It affects your dexterity (+3).
   It insulates you from electricity.
Missiles
 d - 2 throwing nets (quivered)
Armour
 c - a +0 helmet (worn)
 m - +0 swamp dragon scales (worn)
 G - a +0 cloak of poison resistance (worn)
Jewellery
 e - an amulet of rage (around neck)
 g - the ring of Reeddy (left hand) {AC+3 Dex+3 Slay+3}
   (You found it on level 11 of the Dungeon)

   [ring of protection]

   It affects your AC (+3).
   It affects your dexterity (+3).
   It affects your accuracy and damage with ranged weapons and melee attacks
   (+3).
 w - a ring of see invisible (right hand)
 J - an uncursed ring of flight
 M - an uncursed ring of protection from fire
Wands
 h - a wand of acid (5)
 s - a wand of flame (24)
 t - a wand of random effects (33)
 L - a wand of paralysis (6)
Scrolls
 b - 7 scrolls of remove curse
 i - 3 scrolls of random uselessness {unknown}
 o - 9 scrolls of teleportation
 p - 4 scrolls of fog {unknown}
 u - 3 scrolls of enchant armour {unknown}
 x - 2 scrolls of fear {unknown}
 y - a scroll of silence {unknown}
 A - 2 scrolls of enchant weapon
 B - 2 scrolls of noise {unknown}
 D - a scroll of magic mapping {unknown}
 H - a scroll of amnesia {unknown}
 I - a scroll of vulnerability {unknown}
 K - a scroll of brand weapon {unknown}
 N - a scroll of blinking {unknown}
Potions
 a - a potion of mutation
 j - 2 potions of lignification {unknown}
 k - a potion of berserk rage
 l - a potion of haste
 n - a potion of cancellation
 v - 2 potions of curing
 z - a potion of agility
 E - 2 potions of flight
 O - a potion of magic {unknown}
Comestibles
 f - 21 rations


   Skills:
 + Level 10.2 Fighting
 * Level 12.3 Axes
 - Level 1.7 Throwing
 + Level 9.2 Armour
 + Level 9.6 Dodging
 * Level 15.1 Invocations


You had 13 spell levels left.
You didn't know any spells.
Your spell library contained the following spells:

 Spells                   Type           Power        Failure   Level  Hunger
 Confusing Touch          Hex            #.....       47%         1    ##.....
 Summon Small Mammal      Summ           #...         47%         1    ##.....
 Call Imp                 Summ           #.......     63%         2    ###....
 Call Canine Familiar     Summ           #.......     85%         3    ####...
 Confuse                  Hex            #.......     85%         3    ####...
 Gell's Gravitas          Tloc           #.........   85%         3    ####...
 Summon Guardian Golem    Hex/Summ       #.......     85%         3    ####...
 Petrify                  Tmut/Erth      #.......     99%         4    #####..
 Summon Ice Beast         Ice/Summ       #.......     99%         4    #####..
 Summon Lightning Spire   Summ/Air       #.......     99%         4    #####..
 Bolt of Magma            Conj/Fire/Erth #.........   100%        5    ######.
 Iskenderun's Battlesphe  Conj/Chrm      #.......     100%        5    ######.
 Metabolic Englaciation   Hex/Ice        #.........   100%        5    ######.
 Venom Bolt               Conj/Pois      #.........   100%        5    ######.
 Yara's Violent Unravell  Hex/Tmut       #.........   100%        5    ######.
 Iron Shot                Conj/Erth      #.........   100%        6    #######
 Orb of Destruction       Conj           #.........   100%        7    #######
 Spellforged Servitor     Conj/Summ      #.........   100%        7    #######


Dungeon Overview and Level Annotations

Branches:
Dungeon (14/15)            Temple (1/1) D:6            Lair (0/6) D:10
    Orc (0/2) D:11         Vaults (0/5) D:13         Depths (0/5) D:15

Altars:
Ashenzari
Dithmenos
Elyvilon
Fedhas
Gozag
Kikubaaqudgha
Makhleb
Nemelex Xobeh
Ru
Sif Muna
Trog
Uskayaw
Vehumet
Wu Jian
Yredelemnul

Shops:
D:6 (   D:10 [   D:12 (


Innate Abilities, Weirdness & Mutations

You have large cloven feet.
You are mostly covered in slimy green scales. (AC +3)
You are powered by pain.
You are mostly covered in sharp spines.


Message History

The bolt of lightning hits you!
* * * LOW HITPOINT WARNING * * *
The bolt of lightning hits the storm dragon.
The storm dragon completely resists.
You feel much better. The storm dragon bites you!
* * * LOW HITPOINT WARNING * * *
The storm dragon claws you.
* * * LOW HITPOINT WARNING * * *
The storm dragon misses you.
You feel much better. The storm dragon bites you!
* * * LOW HITPOINT WARNING * * *
The storm dragon claws you but does no damage.
The storm dragon tramples you.
* * * LOW HITPOINT WARNING * * *
You stumble backwards!
As you read the scroll of teleportation, it crumbles to dust.
You feel strangely unstable.
The storm dragon breathes lightning at you.
The bolt of lightning hits you!!
You die...

#....(.#..)..#....## ##.. ##
##...#..#.....#...## ### .###
#...######...##..## #
...###...##.# ##.##...# #
.........#...# #..###.# #
##......##....###...#.## ##
###....#>..)...##..#..## ##.
##...## #D##.##...#### ##..
##...# #.@...#......###...
##....## ###..#.##............
##....#.###.######...##.....###
.##....##....................##
......####..................)#
......## #.......##..........##
.......###....######..........##
.......(........####..###......##
.####..)............†.##........#


You could see a storm dragon shaped shifter.

Vanquished Creatures
  A minotaur (D:11)
  A fire dragon (D:13)
  A hydra (D:11)
  A vault guard (D:13)
  Fannar (D:10)
  4 rakshasas (D:15)
  The ghost of Lanoc the Party-goer, a journeyman DsGl of Uskayaw (D:11)
  A catoblepas (D:14)
  A centaur warrior (D:13)
  A tengu warrior (D:15)
  7 two-headed ogres
  A fire crab (shapeshifter) (D:15)
  An unseen horror (D:11)
  A glowing orange brain (D:15)
  2 necromancers
  An orc knight (D:11)
  2 deep elf magi (D:15)
  2 cyclopes
  Maurice (D:8)
  An elephant (D:10)
  Joseph (D:8)
  Psyche (D:9)
  2 gargoyles (D:11)
  A freezing wraith (D:13)
  2 yaktaurs
  A centaur skeleton (D:14)
  A kobold demonologist (D:15)
  A troll (D:13)
  3 hornets
  Grinder (D:4)
  A meliai zombie (D:13)
  3 hippogriffs
  12 slime creatures
  Sigmund (D:2)
  3 wyverns
  A yak (D:10)
  Grum (D:10)
  11 vampire mosquitoes
  2 wraiths
  A basilisk (D:10)
  21 humans (D:13)
  A human (shapeshifter) (D:15)
  4 hungry ghosts
  Menkaure (D:6)
  4 soldier ants
  5 orc warriors
  3 sky beasts
  4 black bears
  3 ice beasts
  4 boggarts (D:15)
  6 ogres
  A phantom (D:5)
  4 wolves (D:10)
  15 centaurs
  2 crocodiles
  4 big kobolds
  7 bullfrogs
  A gnoll sergeant (D:9)
  2 scorpions
  13 wights
  9 killer bees
  4 howler monkeys
  4 centaur zombies
  3 crimson imps
  3 jellies
  A bullfrog zombie (D:13)
  10 orc priests
  4 bullfrog skeletons
  3 hounds
  Ijyb (D:4)
  9 orc wizards
  An iguana (D:9)
  11 worker ants
  Natasha (twice) (D:3)
  3 yak simulacra (D:15)
  A polar bear simulacrum (D:15)
  4 wolf simulacra (D:15)
  A hound zombie (D:7)
  2 worker ant zombies
  12 gnolls
  13 adders
  5 shadow imps
  An ooze (D:6)
  3 adder skeletons
  3 worms
  4 dart slugs
  2 leopard geckos
  42 orcs
  2 giant cockroaches
  8 goblins
  15 hobgoblins
  10 jackals
  5 quokkas
  8 bats
  4 frilled lizards
  2 jackal skeletons
  18 kobolds
  A leopard gecko skeleton (D:4)
  9 rats
  3 river rat simulacra (D:15)
  A plant (D:10)
434 creatures vanquished.

Notes
Turn   | Place    | Note
-------+----------+-------------------------------------------
     0 | D:1      | Lanoc the Demonspawn Gladiator began the quest for the Orb.
     0 | D:1      | Reached XP level 1. HP: 16/16 MP: 1/1
   104 | D:1      | Gained mutation: You sometimes gain a little power by
                  | taking damage. [demonic ancestry]
   104 | D:1      | Reached XP level 2. HP: 18/22 MP: 2/2
   157 | D:1      | Reached skill level 1 in Armour
   618 | D:2      | Gained mutation: You have large cloven feet. [demonic
                  | ancestry]
   618 | D:2      | Reached XP level 3. HP: 19/28 MP: 3/3
   723 | D:2      | Noticed Sigmund
   740 | D:2      | Killed Sigmund
   740 | D:2      | Gained mutation: You are partially covered in sharp spines.
                  | [demonic ancestry]
   740 | D:2      | Reached XP level 4. HP: 17/36 MP: 4/4
   740 | D:2      | Gained mutation: You are mostly covered in sharp spines.
                  | [demonic ancestry]
   740 | D:2      | Reached XP level 5. HP: 20/41 MP: 5/5
   968 | D:2      | Found a sacrificial altar of Ru.
  1366 | D:3      | Found a shattered altar of Ashenzari.
  1385 | D:3      | Found a faded altar of an unknown god.
  1425 | D:3      | Became a worshipper of Ru the Awakened
  1509 | D:3      | Reached XP level 6. HP: 46/48 MP: 6/6
  1709 | D:3      | Noticed Natasha
  1722 | D:3      | Killed Natasha
  1832 | D:3      | Noticed Natasha
  1842 | D:3      | Killed Natasha
  1973 | D:4      | Got an ancient leather armour
  2081 | D:4      | Gained mutation: You are partially covered in slimy green
                  | scales. (AC +2) [demonic ancestry]
  2081 | D:4      | Reached XP level 7. HP: 35/54 MP: 7/7
  2235 | D:4      | Noticed Ijyb
  2251 | D:4      | Killed Ijyb
  2274 | D:4      | Found a basalt altar of Yredelemnul.
  2382 | D:4      | Found a blossoming altar of Fedhas.
  2444 | D:4      | Noticed Grinder
  2448 | D:4      | Paralysed by Grinder for 3 turns
  2467 | D:4      | Killed Grinder
  2467 | D:4      | Reached skill level 5 in Axes
  2677 | D:4      | Reached XP level 8. HP: 61/61 MP: 8/8
  2700 | D:4      | Reached skill level 5 in Fighting
  2700 | D:4      | Reached skill level 5 in Dodging
  2899 | D:4      | Found a burning altar of Makhleb.
  2899 | D:4      | Found a hide-covered altar of Uskayaw.
  2902 | D:4      | Fell from the grace of Ru
  2902 | D:4      | Became a worshipper of Uskayaw the Reveler
  3064 | D:5      | Entered Level 5 of the Dungeon
  3068 | D:5      | Reached * piety under Uskayaw
  3071 | D:5      | Reached ** piety under Uskayaw
  3073 | D:5      | Reached *** piety under Uskayaw
  3113 | D:5      | Found a deep blue altar of Sif Muna.
  3152 | D:5      | Found a shadowy altar of Dithmenos.
  3209 | D:5      | Reached skill level 1 in Invocations
  3266 | D:5      | Found an opulent altar of Gozag.
  3378 | D:5      | Reached skill level 2 in Invocations
  3406 | D:5      | Reached **** piety under Uskayaw
  3446 | D:5      | Reached skill level 3 in Invocations
  3446 | D:5      | Reached ***** piety under Uskayaw
  3632 | D:6      | Reached skill level 4 in Invocations
  3638 | D:6      | Found a sparkling altar of Nemelex Xobeh.
  3644 | D:6      | Gained mutation: You sometimes gain power by taking damage.
                  | [demonic ancestry]
  3644 | D:6      | Reached XP level 9. HP: 63/69 MP: 12/12
  3692 | D:6      | Noticed Menkaure
  3702 | D:6      | Killed Menkaure
  3814 | D:6      | Found a staircase to the Ecumenical Temple.
  3819 | D:6      | Found Xuybau's Antique Weapon Shop.
  3823 | Temple   | Entered the Ecumenical Temple
  3893 | D:6      | Reached skill level 5 in Armour
  3946 | D:6      | Reached skill level 5 in Invocations
  4277 | D:7      | Identified the +1 leather armour "Odiorph" {rPois Str-5
                  | Int+2} (You found it on level 4 of the Dungeon)
  4378 | D:7      | Got a slimy war axe
  4382 | D:7      | Identified the +3 war axe of Objectivity {chop, +Rage
                  | Int+2} (You found it on level 7 of the Dungeon)
  4693 | D:7      | Found a bloodstained altar of Trog.
  4991 | D:7      | Got a brightly glowing hand axe
  4992 | D:7      | Identified the +4 hand axe of the Fool {flame, rElec Dex+3}
                  | (You found it on level 7 of the Dungeon)
  5042 | D:7      | Noticed a two-headed ogre
  5046 | D:7      | Killed a two-headed ogre
  5046 | D:7      | Reached skill level 6 in Invocations
  5409 | D:8      | Noticed a two-headed ogre
  5419 | D:8      | Reached skill level 7 in Invocations
  5420 | D:8      | Killed a two-headed ogre
  5420 | D:8      | Reached XP level 10. HP: 32/77 MP: 15/15
  5424 | D:8      | Noticed Joseph
  5741 | D:8      | Killed Joseph
  5741 | D:8      | Reached skill level 8 in Invocations
  6041 | D:8      | Noticed Maurice
  6058 | D:8      | Killed Maurice
  6364 | D:8      | Noticed a two-headed ogre
  6375 | D:8      | Killed a two-headed ogre
  6375 | D:8      | Reached skill level 9 in Invocations
  6381 | D:8      | Found a white marble altar of Elyvilon.
  6464 | D:9      | Noticed Psyche
  6470 | D:9      | Killed Psyche
  6498 | D:9      | Reached ****** piety under Uskayaw
  6506 | D:9      | Gained mutation: You are powered by pain. [demonic
                  | ancestry]
  6506 | D:9      | Reached XP level 11. HP: 37/84 MP: 18/18
  6863 | D:9      | You fall through a shaft for 2 floors!
  6875 | D:11     | Found a runed translucent gate.
  7002 | D:11     | Noticed an unseen horror
  7010 | D:11     | Killed an unseen horror
  7010 | D:11     | Reached skill level 10 in Invocations
  7310 | D:10     | Entered Level 10 of the Dungeon
  7310 | D:10     | Noticed Fannar
  7321 | D:10     | Killed Fannar
  7400 | D:10     | Found Eder's Antique Armour Shoppe.
  7470 | D:10     | Found a staircase to the Lair.
  7662 | D:10     | Noticed a two-headed ogre
  7671 | D:10     | Killed a two-headed ogre
  7844 | D:10     | Noticed Grum
  7854 | D:10     | Killed Grum
  7854 | D:10     | Reached skill level 11 in Invocations
  7935 | D:9      | Found an ornate altar of the Wu Jian Council.
  8033 | D:9      | Found an ancient bone altar of Kikubaaqudgha.
  8457 | D:11     | Noticed an orc knight
  8469 | D:11     | Killed an orc knight
  8711 | D:11     | Found a runed translucent gate.
  8713 | D:11     | Found a runed translucent gate.
  8715 | D:11     | Noticed a minotaur
  8719 | D:11     | Got a warped turquoise ring
  8722 | D:11     | Noticed Lanoc's ghost (journeyman DsGl)
  8942 | D:11     | Noticed a four-headed hydra
  8949 | D:11     | Killed a one-headed hydra
  9028 | D:11     | Found a staircase to the Orcish Mines.
  9123 | D:11     | Identified the ring of Reeddy {AC+3 Dex+3 Slay+3} (You
                  | found it on level 11 of the Dungeon)
  9129 | D:11     | Reached skill level 10 in Axes
  9134 | D:11     | Killed a minotaur
  9134 | D:11     | Gained mutation: You are mostly covered in slimy green
                  | scales. (AC +3) [demonic ancestry]
  9134 | D:11     | Reached XP level 12. HP: 94/94 MP: 20/20
  9136 | D:11     | Killed Lanoc's ghost
  9294 | D:12     | Noticed a two-headed ogre
  9301 | D:12     | Killed a two-headed ogre
  9301 | D:12     | Reached skill level 12 in Invocations
  9562 | D:12     | Found Nogh's Antique Weapon Shoppe.
  9725 | D:12     | Noticed a two-headed ogre
  9728 | D:12     | Noticed a two-headed ogre
  9731 | D:12     | Killed a two-headed ogre
  9738 | D:12     | Killed a two-headed ogre
 10220 | D:13     | Noticed a centaur warrior
 10223 | D:13     | Noticed a fire dragon
 10229 | D:13     | Killed a centaur warrior
 10229 | D:13     | Killed a fire dragon
 10231 | D:13     | Reached skill level 13 in Invocations
 10700 | D:13     | Noticed a vault guard
 10711 | D:13     | Reached XP level 13. HP: 99/101 MP: 23/23
 10753 | D:13     | Found a gate to the Vaults.
 11121 | D:14     | You fall through a shaft!
 11121 | D:15     | Entered Level 15 of the Dungeon
 11220 | D:15     | Reached skill level 14 in Invocations
 11489 | D:15     | Identified the cursed +2 rapier of Niviegej {pierce, Dex+7}
 11537 | D:15     | Reached skill level 10 in Fighting
 11537 | D:15     | Reached XP level 14. HP: 110/110 MP: 23/25
 11843 | D:15     | Got a faintly glowing shortbow
 11844 | D:15     | Identified the +4 shortbow of Ygemell {venom, rPois Dex+4
                  | SInv} (You found it on level 15 of the Dungeon)
 12183 | D:15     | Reached skill level 15 in Invocations
 12300 | D:15     | Found a staircase to the Depths.
 12307 | D:15     | Noticed an entropy weaver
 12310 | D:15     | Noticed a storm dragon
 12310 | D:15     | an entropy weaver changed into a storm dragon
 12316 | D:15     | Killed from afar by a storm dragon (glowing shapeshifter)

Levels and vault maps discovered:
D:1:      scummos_arrival_simple_fountains, layout_loops_ring
D:2:      layout_rooms, nicolae_ru_awakened_eye, small_statue_intersection,
          kennysheep_generic_room_7, uniq_sigmund
D:3:      layout_loops_cross, ashenzari_altar_1,
          chequers_ecumenical_altar_island, uniq_natasha
D:4:      layout_loops_corners, lemuel_doored_altar,
          fedhas_bush_and_centaur_altar, gammafunk_temple_overflow_elements,
          first_ration, uniq_grinder, uniq_ijyb
D:5:      minmay_clustersquares, layout_rooms, grunt_gozag_breadcrumbs,
          grunt_dithmenos_shadows, led_sif_book
D:6:      layout_cave_pools, nemelex_xobeh_ov_fountains_minmay,
          temple_fountains, serial_shops, shop, uniq_menkaure
D:7:      layout_layer_cave, bloody_trog
D:8:      layout_loops_ring, lemuel_coloured_pillars_altar,
          hangedman_pestilent_swarm, uniq_maurice, uniq_joseph
D:9:      layout_rooms, nicolae_overflow_crystal_walls, kiku_gazebo_pond_becter,
          uniq_psyche
D:10:     layout_rooms, david_lair_generic, serial_shops,
          nicolae_shop_statue_plus, minmay_fountain_box, uniq_grum, uniq_fannar
D:11:     cheibrodos_orc_bank, layout_loops_ring,
          maelrawn_ghost_gauntlet_escape, minmay_misc_feat_diagonals
D:12:     layout_loops_cross, serial_shops, shop
D:13:     layout_loops_ring, grunt_vaults_entry_tiered
D:14:     layout_basic
D:15:     gammafunk_enter_depths_forms, layout_layer_cave,
          ebering_dispersal_statue_hall, eino_house_with_fridge
Temple:   nicolae_temple_figure_zero

Skill      XL: |  1  2  3  4  5  6  7  8  9 10 11 12 13 14 |
---------------+-------------------------------------------+-----
Dodging        | 3 4 5 6 7 8 9 |  9.6
Armour         | 1 2 3 4 5 6 7 8 9 |  9.2
Fighting       | 3 4 5 6 7 8 9 10 | 10.2
Axes           | 3 5 6 7 8 10 11 12 | 12.3
Invocations    | 4 7 9 11 13 14 15 | 15.1
Throwing       | |  1.7

Action                   |  1- 3 |  4- 6 |  7- 9 | 10-12 | 13-15 || total
-------------------------+-------+-------+-------+-------+-------++-------
Melee: War axe           |    58 |    61 |    34 |   347 |   162 ||   662
       Kick              |     6 |    17 |    80 |   129 |    73 ||   305
       Hand axe          |       |    19 |   186 |     4 |       ||   209
Throw: Throwing net      |     3 |       |     2 |       |       ||     5
Invok: Grand Finale      |       |       |       |       |     1 ||     1
  Use: Scroll            |       |       |    10 |     4 |     2 ||    16
       Potion            |       |       |       |     5 |     3 ||     8
 Stab: Sleeping          |     6 |     2 |     3 |     3 |       ||    14
       Paralysed         |       |       |    14 |    71 |    29 ||   114
  Eat: Chunk             |       |     3 |     7 |    17 |     5 ||    32
       Ration            |       |     2 |     1 |     1 |       ||     4
Armor: Leather armour    |     7 |       |       |       |       ||     7
       Swamp dragon scal |       |    29 |    62 |   118 |    43 ||   252
Dodge: Dodged            |    31 |    63 |   131 |   319 |   112 ||   656

Table legend:
 A = Non-vault XP
 B = Vault XP
 C = Vault XP percentage of total XP
 D = Non-vault monster count
 E = Vault monster count
 F = Vault count percentage of total count
                 A         B        C        D         E       F
            +---------+---------+-------+---------+---------+-------
      Total |   35292 |   21793 |  38.2 |     329 |     104 |  24.0
            +---------+---------+-------+---------+---------+-------
        D:1 |      36 |       0 |   0.0 |      23 |       0 |   0.0
        D:2 |      15 |     228 |  93.8 |       6 |       4 |  40.0
        D:3 |     269 |      35 |  11.5 |      41 |       1 |   2.4
        D:4 |     663 |     418 |  38.7 |      26 |       3 |  10.3
        D:5 |     537 |     291 |  35.1 |      14 |       9 |  39.1
        D:6 |     780 |     169 |  17.8 |      21 |       1 |   4.5
        D:7 |    1488 |       0 |   0.0 |      10 |       0 |   0.0
        D:8 |    3130 |    1504 |  32.5 |      27 |       6 |  18.2
        D:9 |    1568 |     434 |  21.7 |      29 |       1 |   3.3
       D:10 |    2197 |    2615 |  54.3 |      14 |      10 |  41.7
       D:11 |    4007 |    3376 |  45.7 |      33 |      22 |  40.0
       D:12 |    4791 |       0 |   0.0 |      23 |       0 |   0.0
       D:13 |    6643 |    6191 |  48.2 |      30 |      25 |  45.5
       D:14 |    1554 |       0 |   0.0 |       4 |       0 |   0.0
       D:15 |    7614 |    6532 |  46.2 |      28 |      22 |  44.0
            +---------+---------+-------+---------+---------+-------
